 Dungeon Sprint DCSS version 0.27-a0-67-g4bfc8a49e1 (webtiles) character file.

Game seed: 825842773584865887

52666 mhtbhm the Archmage (level 13, -4/57 HPs)
             Began as a Deep Elf Earth Elementalist on Jan 10, 2021.
             Was the Champion of Vehumet.
             Splashed by an acid blob's acid (13 damage)
             ... created by the Royal Jelly
             ... in the Dungeon (Sprint III: "The Ten Rune Challenge").
             The game lasted 00:31:45 (4929 turns).

mhtbhm the Archmage (Deep Elf Earth Elementalist)   Turns: 4929, Time: 00:31:46

Health: -4/57      AC:  9    Str:  5      XL:     13   Next: 70%
Magic:  32/46      EV: 16    Int: 26      God:    Vehumet [******]
Gold:   1016       SH:  0    Dex: 14 (15) Spells: 19/66 levels left

rFire    . . .     SeeInvis +   a - staff of earth
rCold    . . .     Faith    .   (no shield)
rNeg     . . .     Spirit   .   c - +2 robe {rPois}
rPois    +         Reflect  .   r - +1 helmet
rElec    .         Harm     .   m - +0 cloak {Will+}
rCorr    .         Rampage  .   (no gloves)
Will     ++...     NoTele   +   (no boots)
Stlth    ++........             (no amulet)
HPRegen  0.19/turn              (no ring)
MPRegen  0.30/turn              u - +4 ring of protection

@: corroded, very slow
A: slimy green scales 1, camouflage 1, see invisible, deterioration 1, frail 1
}: 1/10 runes: barnacled
a: Renounce Religion


You were in the Dungeon.
You worshipped Vehumet.
Vehumet was exalted by your worship.
You visited 1 branch You collected 2644 gold pieces.
You spent 1628 gold pieces at shops.

Inventory:

Missiles
 b - 4 stones
 o - 7 curare-tipped darts
Armour
 c - a +2 robe of poison resistance (worn)
 m - a +0 cloak of willpower (worn)
 r - a +1 helmet (worn)
Magical Staves
 a - an uncursed staff of earth (weapon)
Jewellery
 u - a +4 ring of protection (right hand)
Wands
 s - a wand of enslavement (7)
Scrolls
 i - a scroll of amnesia {unknown}
 j - 4 scrolls of identify {unknown}
 p - 2 scrolls of torment {unknown}
 q - a scroll of blinking
Potions
 d - 3 potions of curing
 e - 2 potions of heal wounds
 f - a potion of haste
 g - a potion of magic
 h - 2 potions of berserk rage
 k - a potion of flight
 l - 2 potions of mutation
 n - a potion of might
Miscellaneous
 v - a phantom mirror
 w - a lightning rod (4/4)


   Skills:
 + Level 1.0 Fighting
 + Level 0.8 Short Blades
 + Level 0.3 Throwing
 + Level 6.6 Dodging
 - Level 4.3 Stealth
 O Level 27 Spellcasting
 + Level 6.6 Conjurations
 + Level 6.5 Transmutations
 + Level 1.3 Air Magic
 + Level 26.3 Earth Magic
 + Level 1.1 Poison Magic


You had 19 spell levels left.
You knew the following spells:

 Your Spells              Type           Power        Failure   Level
a - Sandblast             Erth           100%         0%          1
b - Passwall              Tmut/Erth      91%          0%          2
c - Stone Arrow           Conj/Erth      100%         0%          3
d - Lee's Rapid Deconstr  Erth           65%          0%          5
e - Petrify               Tmut/Erth      100%         0%          4
f - Iron Shot             Conj/Erth      55%          1%          6
g - Mephitic Cloud        Conj/Pois/Air  50%          1%          3
h - Lehudib's Crystal Sp  Conj/Erth      55%          1%          8
i - Shatter               Erth           65%          1%          9
j - Statue Form           Tmut/Erth      73%          1%          6

Your spell library contained the following spells:

 Spells                   Type           Power        Failure   Level
 Ignition                 Fire           17%          100%        8
 Fire Storm               Conj/Fire      25%          100%        9
 Animate Skeleton         Necr           70%          1%          1
 Apportation              Tloc           70%          1%          1
 Corona                   Hex            38%          1%          1
 Magic Dart               Conj           100%         1%          1
 Summon Small Mammal      Summ           100%         1%          1
 Blink                    Tloc           N/A          1%          2
 Call Imp                 Summ           35%          1%          2
 Slow                     Hex            35%          1%          2
 Conjure Flame            Conj/Fire      51%          1%          3
 Ice Form                 Ice/Tmut       51%          1%          4
 Irradiate                Conj/Tmut      31%          1%          5
 Yara's Violent Unravell  Hex/Tmut       25%          1%          5
 Tukima's Dance           Hex            35%          2%          3
 Alistair's Intoxication  Tmut/Pois      35%          4%          5
 Eringya's Noxious Bog    Tmut/Pois      26%          7%          6
 Cause Fear               Hex            17%          8%          4
 Hydra Form               Tmut           31%          9%          6
 Silence                  Hex/Air        19%          17%         5
 Summon Demon             Summ           17%          22%         5
 Summon Forest            Summ/Tloc      17%          22%         5
 Dragon Form              Tmut           31%          43%         7
 Invisibility             Hex            35%          77%         6
 Discord                  Hex            17%          100%        8


Dungeon Overview and Level Annotations

Branches:
Dungeon (1/1)

Altars:
Cheibriados
Dithmenos
Elyvilon
Fedhas
Gozag
Hepliaklqana
Kikubaaqudgha
Makhleb
Nemelex Xobeh
Okawaru
Qazlal
Ru
Sif Muna
Trog
Uskayaw
Vehumet
Wu Jian
Xom
Yredelemnul
Zin
The Shining One
Beogh
Jiyva
Lugonu

Shops:
D =(?=:[?}(([=![:?=}

Annotations:
D Dispater, Royal Jelly, Xtahua


Innate Abilities, Weirdness & Mutations

You are partially covered in slimy green scales. (AC +2)
Your skin changes colour to match your surroundings (Stealth+).
You have supernaturally acute eyesight. (SInv)
Your body sometimes deteriorates upon taking damage.
You are frail. (-10% HP)


Message History

You feel a surge of power!
The dungeon rumbles!
Xtahua is severely wounded.
The azure jelly is severely wounded.
The Royal Jelly is lightly wounded.
The acid blob is lightly wounded.
The shining eye is almost dead.
You kill the floating eye!
Vehumet accepts your kill.
You feel your power returning.
Dispater is lightly wounded.
Ka-crash!
The Royal Jelly shudders.
The Royal Jelly spits out another jelly.
You are engulfed in a cloud of scalding steam.
A hellion comes into view.
An azure jelly comes into view.
An iron golem comes into view.
The acid blob spits acid at you. The splash of acid hits you!
* * * LOW HITPOINT WARNING * * *
The acid corrodes you!
You are splashed with acid!
You die...

♣.♣♣ ▓≈≈≈÷.≈
#.#..≈..#...φ
▓≈≈....
..♣....#...
▓≈≈≈..≈ .
#........≈
▓≈≈≈≈≈≈
..#........ ##
▓≈≈≈≈≈≈
.#..J....≈##..♣
▓..≈≈≈≈
...J..♣........
▓...≈≈≈
J#J..J≈≈.......
▓....≈≈
#G...§.@.D°○°.≈
▓...≈≈≈
......≈≈..°°°§.
▓.≈≈≈≈≈
........≈≈○○○.≈
▓≈≈≈≈≈≈
#...........°∩∩
▓.≈≈≈≈≈
..........♣♣○..
▓▓▓▓▓▓▓
2##.####..# ..
## #.. . .8&


You could see Dispater, the Royal Jelly, an iron golem (wandering), Xtahua
(catching breath), an acid blob, 2 azure jellies, a shining eye, a death ooze
and a hellion.

Vanquished Creatures
  Rupert (D)
  A deep elf master archer (D)
  Polyphemus (D)
  Dowan (D)
  Ilsuiw (D)
  A deep elf demonologist (D)
  3 deep elf annihilators (D)
  A deep elf death mage (D)
  A fire dragon (D)
  A merfolk javelineer (D)
  A deep elf high priest (D)
  Erolcha (D)
  A hydra (D)
  4 death yaks (D)
  5 orc high priests (D)
  Urug (D)
  A deep elf knight (D)
  A sea snake (D)
  A death drake (D)
  An orange crystal statue (D)
  A lindwurm (D)
  5 deep elf magi (D)
  An orc knight (D)
  3 crystal guardians (D)
  2 orc sorcerers (D)
  A shining eye (D)
  2 rust devils (D)
  2 black mambas (D)
  4 statues (D)
  A molten gargoyle (D)
  2 cane toads (D)
  Duvessa (D)
  A rime drake (D)
  A komodo dragon (D)
  3 wandering mushrooms (D)
  A queen bee (D)
  A hornet (D)
  8 blink frogs (D)
  2 tyrant leeches (D)
  3 dream sheep (D)
  5 redbacks (D)
  A shadow (D)
  A spatial vortex (D)
  2 hell hounds (D)
  A floating eye (D)
  A swamp drake (D)
  A necrophage (D)
  5 two-headed ogres (D)
  A water elemental (D)
  32 killer bees (D)
  An electric eel (D)
  A jelly (D)
  5 orc wizards (D)
  3 orc priests (D)
  A wizard (D)
  Jessica (D)
  A necromancer (D)
  A kobold demonologist (D)
  3 humans (D)
  A phantom (D)
  6 orcs (D)
  3 rats (D)
  A ball lightning (D)
152 creatures vanquished.

Vanquished Creatures (others)
  2 deep elf blademasters (D)
  Nessos (D)
  2 hydras (D)
  A shadow wraith (D)
  A skeletal warrior (D)
  2 yaktaurs (D)
  A hornet (D)
  3 ball lightnings (D)
  4 ballistomycete spores (D)
  42 plants (D)
59 creatures vanquished.

Grand Total: 211 creatures vanquished

Notes
Turn   | Place    | Note
-------+----------+-------------------------------------------
     0 | D        | mhtbhm the Deep Elf Earth Elementalist began the quest for
                  | the Orb.
     0 | D        | Reached XP level 1. HP: 10/10 MP: 6/6
    40 | D        | Noticed Jessica
    42 | D        | Killed Jessica
    43 | D        | Reached skill level 5 in Spellcasting
    43 | D        | Reached skill level 5 in Earth Magic
    43 | D        | Reached XP level 2. HP: 15/15 MP: 5/10
    84 | D        | Learned a level 2 spell: Passwall
   100 | D        | Reached XP level 3. HP: 19/19 MP: 7/12
   184 | D        | Gained mutation: You expend magic power (3 MP) to
                  | strengthen your wands. [potion of mutation]
   184 | D        | Gained mutation: You have a pair of small horns on your
                  | head. [potion of mutation]
   184 | D        | Gained mutation: You are somewhat resistant to further
                  | mutation. [potion of mutation]
   185 | D        | Lost mutation: You are somewhat resistant to further
                  | mutation. [potion of mutation]
   185 | D        | Lost mutation: You have a pair of small horns on your head.
                  | [potion of mutation]
   185 | D        | Lost mutation: You expend magic power (3 MP) to strengthen
                  | your wands. [potion of mutation]
   185 | D        | Gained mutation: Your skin changes colour to match your
                  | surroundings (Stealth+). [potion of mutation]
   185 | D        | Gained mutation: You are frail. (-10% HP) [potion of
                  | mutation]
   185 | D        | Gained mutation: You have supernaturally acute eyesight.
                  | (SInv) [potion of mutation]
   185 | D        | Gained mutation: You are partially covered in slimy green
                  | scales. (AC +2) [potion of mutation]
   199 | D        | Learned a level 3 spell: Stone Arrow
   199 | D        | Noticed a water elemental
   204 | D        | Killed a water elemental
   205 | D        | Reached skill level 7 in Spellcasting
   205 | D        | Reached XP level 4. HP: 21/21 MP: 5/15
   272 | D        | Found a radiant altar of Vehumet.
   272 | D        | Found a shimmering blue altar of Sif Muna.
   272 | D        | Found an ancient bone altar of Kikubaaqudgha.
   272 | D        | Noticed a wizard
   274 | D        | Killed a wizard
   276 | D        | Reached skill level 8 in Spellcasting
   276 | D        | Reached XP level 5. HP: 25/25 MP: 12/17
   290 | D        | Became a worshipper of Vehumet
   297 | D        | Learned a level 5 spell: Lee's Rapid Deconstruction
   302 | D        | Learned a level 4 spell: Petrify
   320 | D        | Found a glowing silver altar of Zin.
   320 | D        | Found a glowing golden altar of the Shining One.
   320 | D        | Found a white marble altar of Elyvilon.
   320 | D        | Noticed a deep elf mage
   323 | D        | Killed a deep elf mage
   324 | D        | Reached skill level 5 in Dodging
   324 | D        | Reached skill level 12 in Spellcasting
   324 | D        | Reached XP level 6. HP: 28/28 MP: 2/23
   324 | D        | Reached XP level 7. HP: 32/32 MP: 2/25
   379 | D        | Killed a seven-headed hydra
   444 | D        | Found a hide-covered altar of Uskayaw.
   444 | D        | Found a roughly hewn altar of Beogh.
   444 | D        | Found an iron altar of Okawaru.
   444 | D        | Found a bloodstained altar of Trog.
   444 | D        | Found an ornate altar of the Wu Jian Council.
   444 | D        | Noticed a human
   444 | D        | Noticed a human
   446 | D        | Killed a human
   446 | D        | Killed a human
   446 | D        | Reached * piety under Vehumet
   446 | D        | Offered knowledge of Magic Dart by Vehumet.
   447 | D        | Reached skill level 14 in Spellcasting
   463 | D        | Found a basalt altar of Yredelemnul.
   463 | D        | Found a shadowy altar of Dithmenos.
   463 | D        | Found a sacrificial altar of Ru.
   552 | D        | Reached ** piety under Vehumet
   552 | D        | Noticed a shadow
   554 | D        | Killed a shadow
   555 | D        | Reached XP level 8. HP: 36/36 MP: 14/28
   563 | D        | Found a blossoming altar of Fedhas.
   563 | D        | Found a stormy altar of Qazlal.
   563 | D        | Found a snail-covered altar of Cheibriados.
   563 | D        | Found a burning altar of Makhleb.
   563 | D        | Found a shimmering altar of Xom.
   564 | D        | Found a hazy altar of Hepliaklqana.
   564 | D        | Found an opulent altar of Gozag.
   564 | D        | Found a sparkling altar of Nemelex Xobeh.
   564 | D        | Found a corrupted altar of Lugonu.
   564 | D        | Found a viscous altar of Jiyva.
   568 | D        | Reached skill level 15 in Spellcasting
   702 | D        | Offered knowledge of Searing Ray by Vehumet.
   704 | D        | Reached *** piety under Vehumet
   832 | D        | Noticed a two-headed ogre
   842 | D        | Killed a two-headed ogre
   843 | D        | Reached skill level 16 in Spellcasting
   936 | D        | Noticed Erolcha
   937 | D        | Noticed a two-headed ogre
   939 | D        | Killed Erolcha
   939 | D        | Offered knowledge of Inner Flame by Vehumet.
   940 | D        | Reached skill level 17 in Spellcasting
   940 | D        | Reached skill level 15 in Earth Magic
   940 | D        | Reached XP level 9. HP: 40/40 MP: 17/32
   940 | D        | Killed a two-headed ogre
   940 | D        | Reached **** piety under Vehumet
   941 | D        | Reached skill level 18 in Spellcasting
  1074 | D        | Noticed a wandering mushroom
  1079 | D        | Noticed a wandering mushroom
  1083 | D        | Killed a wandering mushroom
  1083 | D        | Offered knowledge of Conjure Flame by Vehumet.
  1085 | D        | Noticed a wandering mushroom
  1090 | D        | Killed a wandering mushroom
  1091 | D        | Reached skill level 1 in Conjurations
  1096 | D        | Killed a wandering mushroom
  1096 | D        | Reached ***** piety under Vehumet
  1097 | D        | Reached skill level 19 in Spellcasting
  1200 | D        | Offered knowledge of Olgreb's Toxic Radiance by Vehumet.
  1201 | D        | Noticed an orc sorcerer
  1205 | D        | Killed an orc sorcerer
  1206 | D        | Reached XP level 10. HP: 45/45 MP: 25/35
  1206 | D        | Noticed an orc knight
  1208 | D        | Killed an orc sorcerer
  1208 | D        | Noticed an orc high priest
  1210 | D        | Killed an orc knight
  1210 | D        | Killed an orc high priest
  1210 | D        | Reached ****** piety under Vehumet
  1211 | D        | Reached skill level 20 in Spellcasting
  1214 | D        | Noticed an orc high priest
  1216 | D        | Killed an orc high priest
  1227 | D        | Found Wosoycw's Jewellery Emporium.
  1345 | D        | Noticed a deep elf mage
  1345 | D        | Noticed a deep elf mage
  1345 | D        | Noticed a deep elf mage
  1345 | D        | Noticed a deep elf mage
  1345 | D        | Noticed a deep elf knight
  1351 | D        | Killed a deep elf mage
  1351 | D        | Offered knowledge of Yara's Violent Unravelling by Vehumet.
  1352 | D        | Reached skill level 21 in Spellcasting
  1354 | D        | Killed a deep elf mage
  1357 | D        | Killed a deep elf mage
  1359 | D        | Killed a deep elf mage
  1359 | D        | Killed a deep elf knight
  1360 | D        | Reached skill level 22 in Spellcasting
  1360 | D        | Reached XP level 11. HP: 48/48 MP: 11/39
  1472 | D        | Identified the ring of Ysemoinose {Slay+6 Stlth+}
  1472 | D        | Noticed a deep elf high priest
  1577 | D        | Noticed a deep elf annihilator
  1594 | D        | Noticed a deep elf annihilator
  1604 | D        | Killed a deep elf annihilator
  1604 | D        | Noticed a deep elf master archer
  1686 | D        | Offered knowledge of Bolt of Magma by Vehumet.
  1698 | D        | Reached skill level 23 in Spellcasting
  1832 | D        | Noticed Dowan
  1832 | D        | Noticed Duvessa
  1841 | D        | Killed Dowan
  1841 | D        | Offered knowledge of Iron Shot by Vehumet.
  1854 | D        | Killed Duvessa
  1927 | D        | Killed a seven-headed hydra
  2002 | D        | Learned a level 6 spell: Iron Shot
  2020 | D        | Gained mutation: Your body sometimes deteriorates upon
                  | taking damage. [a neqoxec]
  2310 | D        | Found Vawkenust's Jewellery Emporium.
  2310 | D        | Found Heunu's Antique Armour Shop.
  2310 | D        | Found Sooklip's Antique Weapon Boutique.
  2310 | D        | Found Dytageos's Gadget Shoppe.
  2310 | D        | Found Qauru's Antique Armour Boutique.
  2310 | D        | Found Xelixie's Distillery.
  2310 | D        | Found Ysag's Jewellery Shop.
  2310 | D        | Found Okutoeghu's Weapon Shop.
  2310 | D        | Found Gaunk's Magic Scroll Emporium.
  2310 | D        | Found Ughem's Gadget Emporium.
  2310 | D        | Found Nopaxkie's Book Boutique.
  2349 | D        | Bought a book of Minor Magic for 240 gold pieces
  2353 | D        | Learned a level 3 spell: Mephitic Cloud
  2359 | D        | Bought an embroidered hat for 196 gold pieces
  2361 | D        | Bought a glowing cloak for 225 gold pieces
  2361 | D        | Bought a shiny helmet for 225 gold pieces
  2390 | D        | Noticed a crystal guardian
  2390 | D        | Noticed a crystal guardian
  2393 | D        | Killed a crystal guardian
  2393 | D        | Noticed a crystal guardian
  2394 | D        | Killed a crystal guardian
  2394 | D        | Offered knowledge of Irradiate by Vehumet.
  2395 | D        | Reached skill level 24 in Spellcasting
  2395 | D        | Killed a crystal guardian
  2586 | D        | Noticed a fire elementalist statue
  2586 | D        | Noticed an earth elementalist statue
  2588 | D        | Killed a fire elementalist statue
  2590 | D        | Killed an earth elementalist statue
  2594 | D        | Reached skill level 1 in Fighting
  2691 | D        | Noticed a water elementalist statue
  2691 | D        | Noticed an air elementalist statue
  2693 | D        | Killed an air elementalist statue
  2694 | D        | Reached XP level 12. HP: 54/54 MP: 35/42
  2854 | D        | Noticed a deep elf death mage
  2859 | D        | Noticed a deep elf demonologist
  2861 | D        | Identified the +10 plate armour of the Lost Path {rN++}
  2863 | D        | Noticed a deep elf annihilator
  2864 | D        | Killed a deep elf demonologist
  2865 | D        | Reached skill level 25 in Spellcasting
  3239 | D        | Killed a deep elf death mage
  3239 | D        | Offered knowledge of Freezing Cloud by Vehumet.
  3271 | D        | Killed a deep elf high priest
  3277 | D        | Killed a deep elf annihilator
  3281 | D        | Killed a deep elf annihilator
  3282 | D        | Reached skill level 1 in Air Magic
  3501 | D        | Killed Nessos
  3502 | D        | Killed a deep elf master archer
  3503 | D        | Reached skill level 26 in Spellcasting
  3503 | D        | Reached skill level 5 in Conjurations
  3503 | D        | Reached skill level 1 in Poison Magic
  3525 | D        | Identified Sif Muna's Catalogue of Transmutation and
                  | Creation
  3531 | D        | Identified the Tome of Fetching Intoxication
  3544 | D        | Killed a deep elf blademaster
  3714 | D        | Offered knowledge of Starburst by Vehumet.
  3980 | D        | Noticed Urug
  3987 | D        | Killed Urug
  3987 | D        | Offered knowledge of Lehudib's Crystal Spear by Vehumet.
  3997 | D        | Learned a level 8 spell: Lehudib's Crystal Spear
  4009 | D        | Killed a deep elf blademaster
  4063 | D        | Noticed an eight-headed hydra
  4067 | D        | Killed an eight-headed hydra
  4073 | D        | Reached skill level 27 in Spellcasting
  4174 | D        | Noticed Polyphemus
  4179 | D        | Reached XP level 13. HP: 57/57 MP: 37/46
  4190 | D        | Killed Polyphemus
  4190 | D        | Offered knowledge of Fire Storm by Vehumet.
  4190 | D        | Offered knowledge of Shatter by Vehumet.
  4190 | D        | Offered knowledge of Ignition by Vehumet.
  4191 | D        | Reached skill level 5 in Transmutations
  4203 | D        | Noticed Ilsuiw
  4205 | D        | Learned a level 9 spell: Shatter
  4271 | D        | Killed Ilsuiw
  4337 | D        | Noticed a merfolk javelineer
  4365 | D        | Killed a merfolk javelineer
  4440 | D        | Found Udopnon's Book Emporium.
  4446 | D        | Found Piyptiut's Antique Armour Shop.
  4447 | D        | Found Nemof's Magic Scroll Shoppe.
  4467 | D        | Bought a book of Transfigurations for 660 gold pieces
  4469 | D        | Bought a scroll of blinking for 82 gold pieces
  4480 | D        | Got a barnacled rune of Zot
  4666 | D        | Noticed Rupert
  4675 | D        | Learned a level 6 spell: Statue Form
  4680 | D        | Killed Rupert
  4736 | D        | Noticed an azure jelly
  4736 | D        | Noticed an azure jelly
  4737 | D        | Noticed an azure jelly
  4737 | D        | Noticed an azure jelly
  4803 | D        | Noticed a fire dragon
  4812 | D        | Killed a fire dragon
  4921 | D        | Found Fiperofe's Jewellery Shoppe.
  4921 | D        | Found Gerau's Antique Weapon Boutique.
  4921 | D        | Found Geulie's Magic Scroll Emporium.
  4922 | D        | Noticed Xtahua
  4925 | D        | Noticed an azure jelly
  4926 | D        | Noticed the Royal Jelly
  4927 | D        | Noticed an acid blob
  4928 | D        | Identified the +4 staff of Dispater
  4928 | D        | Noticed Dispater
  4929 | D        | Noticed a death ooze
  4929 | D        | Noticed an azure jelly
  4929 | D        | Splashed by an acid blob's acid

Illustrated notes

Levels and vault maps discovered:
D:        dungeon_sprint_mu [sprint_mu_entry_forest, sprint_mu_temple_rooms,
          sprint_mu_d1_spiders, sprint_mu_d2_genie, sprint_mu_d3_branching,
          sprint_mu_orc_legion, sprint_mu_elf_gauntlet, sprint_mu_hive_nellie,
          sprint_mu_lair_fedhas, sprint_mu_vaults_butterflies,
          sprint_mu_slime_circle, sprint_mu_swamp_cave, sprint_mu_shoals_archi,
          sprint_mu_blade_basic, sprint_mu_crypt_chambers,
          sprint_mu_tomb_spiral, sprint_mu_vestibule_basic,
          sprint_mu_gehenna_hellfire, sprint_mu_dis_giant,
          sprint_mu_tartarus_statrot, sprint_mu_cocytus_islands, sprint_mu_zot1]

Skill      XL: |  1  2  3  4  5  6  7  8  9 10 11 12 13 |
---------------+----------------------------------------+-----
Stealth        | 3 4 |  4.3
Dodging        | 3 4 5 6 |  6.6
Spellcasting   | 5 7 8 12 14 17 19 22 24 27 | 27.0
Earth Magic    | 5 6 7 8 11 13 15 16 18 20 23 26 | 26.3
Transmutations | 2 3 4 6 |  6.5
Conjurations   | 2 3 4 5 6 |  6.6
Fighting       | 1 |  1.0
Air Magic      | 1 |  1.3
Poison Magic   | 1 |  1.1
Short Blades   | |  0.8
Throwing       | |  0.3

Action                   |  1- 3 |  4- 6 |  7- 9 | 10-12 | 13-15 || total
-------------------------+-------+-------+-------+-------+-------++-------
Melee: Dagger            |       |       |       |     6 |       ||     6
       Staff             |       |       |       |       |     1 ||     1
Throw: Dart              |       |       |       |     1 |       ||     1
 Cast: Sandblast         |    14 |     3 |     2 |     5 |     2 ||    26
       Stone Arrow       |     1 |       |    14 |     3 |     1 ||    19
       Lee's Rapid Decon |       |     3 |    25 |   106 |    28 ||   162
       Petrify           |       |       |     1 |    12 |     3 ||    16
       Passwall          |       |       |       |     2 |       ||     2
       Mephitic Cloud    |       |       |       |     3 |       ||     3
       Iron Shot         |       |       |       |     3 |       ||     3
       Lehudib's Crystal |       |       |       |       |     8 ||     8
       Shatter           |       |       |       |       |     6 ||     6
       Statue Form       |       |       |       |       |     1 ||     1
  Use: Potion            |     2 |       |       |     5 |     2 ||     9
       Scroll            |       |       |       |     1 |       ||     1
 Stab: Petrified         |       |       |       |     1 |       ||     1
Armor: Robe              |       |       |       |     6 |       ||     6
Dodge: Dodged            |     2 |       |     7 |    35 |     5 ||    49

Table legend: (Time is in decaauts)
 A = Elapsed time spent in this place.
 B = Non-inter-level travel time spent in this place.
 C = Inter-level travel time spent in this place.
 D = Time resting spent in this place.
 E = Time spent auto-exploring this place.
 F = Levels seen in this place.
 G = Mean time per level.
                   A        B        C        D        E       F      G
               +--------+--------+--------+--------+--------+-----+--------+
         Total |   5004 |   4814 |    190 |   2663 |    581 |   1 | 5004.0 |
       Dungeon |   5004 |   4814 |    190 |   2663 |    581 |   1 | 5004.0 |
               +--------+--------+--------+--------+--------+-----+--------+

Top non-repeatable levels by time:
       D: 5004 daAuts
